 Dungeon Crawl Stone Soup version 0.24.0-125-gc4c63601f3 (webtiles) character file.

Game seed: 16687587194346371400, levelgen mode: deterministic

3084 Curus the Cruncher (level 9, 0/64 HPs)
             Began as a Gargoyle Gladiator on Feb 22, 2020.
             Was an Elder of Trog.
             Killed by divine providence
             ... invoked by an orc priest
              (17 damage)
             ... on level 7 of the Dungeon.
             The game lasted 00:38:53 (7072 turns).

Curus the Cruncher (Gargoyle Gladiator)             Turns: 7072, Time: 00:38:54

Health: 0/64       AC: 20    Str: 23    XL:     9   Next: 89%
Magic:  9/9        EV:  7    Int:  9    God:    Trog [****..]
Gold:   272        SH:  0    Dex: 14    Spells: 8/8 levels left

rFire    . . .     SeeInvis .   a - +3 quarterstaff
rCold    . . .     Gourm    .   (shield currently unavailable)
rNeg     + . .     Faith    +   m - +2 plate armour
rPois    ∞         Spirit   .   g - +1 helmet
rElec    +         Reflect  .   (no cloak)
rCorr    .         Harm     .   q - +0 pair of gloves
MR       .....                  h - +0 pair of boots
Stlth    ..........             z - amulet of faith
HPRegen  0.20/turn              (no ring)
MPRegen  0.11/turn              (no ring)

@: berserking (expiring), corroded, very quick
A: thin metallic scales 1, blurry vision 1, frail 1, mutation resistance 1,
negative energy resistance 1, electricity resistance, unbreathing, petrification
resistance, rot immunity, AC +6
a: Berserk, Trog's Hand, Brothers in Arms, Renounce Religion


You were on level 7 of the Dungeon.
You worshipped Trog.
Trog was greatly pleased with you.
You were hungry.

You visited 1 branch of the dungeon, and saw 7 of its levels.
You also visited: Sewer and Ossuary.

You collected 272 gold pieces.

Inventory:

Hand Weapons
 a - a +3 quarterstaff (weapon)
Missiles
 d - 4 throwing nets (quivered)
Armour
 b - a +1 leather armour
 c - a +0 helmet
 g - a +1 helmet (worn)
 h - a +0 pair of boots (worn)
 i - a +0 scale mail
 m - a +2 plate armour (worn)
 q - a +0 pair of gloves (worn)
Jewellery
 e - an uncursed ring of fire
 k - an uncursed ring of wizardry
 n - an uncursed ring of attention
 p - an uncursed amulet of rage
 z - an amulet of faith (around neck)
Wands
 s - a wand of random effects (16)
 y - a wand of paralysis (14)
Scrolls
 l - 8 scrolls of identify
 u - 2 scrolls of teleportation
 w - a scroll of enchant armour
 x - a scroll of blinking
Potions
 j - a potion of haste
 o - 5 potions of curing
 r - a potion of might
 t - a potion of brilliance
 v - 3 potions of flight
Comestibles
 f - 18 rations


   Skills:
 - Level 2.1 Fighting
 + Level 13.3 Staves
 - Level 1.7 Throwing
 - Level 2.4 Dodging


You had 8 spell levels left.
You didn't know any spells.
Your spell library was empty.

Dungeon Overview and Level Annotations

Branches:
Dungeon (7/15)             Temple (0/1) D:5           Sewer (visited)
Ossuary (visited)

Altars:
Ashenzari
Cheibriados
Elyvilon
Kikubaaqudgha
Nemelex Xobeh
Ru
Trog
Uskayaw
Vehumet
Xom
Yredelemnul


Innate Abilities, Weirdness & Mutations

You are resistant to torment.
Your stone body is resilient. (AC +6)
You are immune to poison.
You resist negative energy. (rN+)
You are resistant to electric shocks. (rElec)
You can survive without breathing.
You are immune to petrification.
You are immune to rotting.
You are partially covered in thin metallic scales. (AC +2)
Scrolls take you a little longer to read.
You are frail. (-10% HP)
You are somewhat resistant to further mutation.


Message History

The orc priest calls upon Beogh to heal the orc warrior.
The orc warrior is healed somewhat.
You sock the orc warrior!
The orc warrior is heavily wounded.
Your plate armour prevents you from hitting the orc warrior.
The orc warrior is heavily wounded.
The orc warrior hits you but does no damage.
The orc priest completely misses you.
Your plate armour prevents you from hitting the orc warrior.
The orc warrior is heavily wounded.
You hit the orc warrior but do no damage.
The orc warrior is heavily wounded.
You hit the orc warrior.
The orc warrior is severely wounded.
The orc warrior zaps a wand.
The bolt of acid hits you!
You are splashed with acid!
* * * LOW HITPOINT WARNING * * *
The orc priest invokes the aid of Beogh against you.
Beogh smites you!
You die...

##.####.# #.# #.#######
##.####.......#
.........####.#######**#
##.#####.............,.#
#.# ######.######*#.# ##.#
#.# ###..## ...#
##.#####.....## #####
#....@o.......##
....########..###o..≈≈≈...#
###...........# #..≈≈≈≈≈..#
#.....######.## #..≈≈♣≈≈..#
#.....######.## #..≈≈≈≈≈..#
#.............# ♣...≈≈≈...♣
#.....######### ♣♣.......♣♣
#...........# ♣♣.....♣♣
#####.#####.# ♣♣...♣♣


You could see an orc warrior and an orc priest.

Vanquished Creatures
  A human (D:7)
  4 hogs (D:7)
  A necrophage (D:7)
  2 ogres
  2 centaurs
  4 bullfrogs
  Blork the orc (D:4)
  A gnoll sergeant (D:7)
  5 scorpions
  5 wights (D:6)
  2 howler monkeys
  A crimson imp (D:5)
  5 orc priests
  2 hounds
  3 orc wizards
  A bullfrog skeleton (D:6)
  5 worker ants
  2 big kobold zombies (Ossuary)
  2 hound zombies (D:6)
  3 mummies
  14 adders
  11 gnolls
  2 shadow imps (D:6)
  8 oozes (Sewer)
  An adder skeleton (D:4)
  6 adder zombies
  3 worms
  6 dart slugs
  11 leopard geckos
  23 orcs
  6 ball pythons
  24 giant cockroaches
  2 gnoll zombies (Ossuary)
  12 hobgoblins
  7 jackals
  14 kobolds
  2 quokkas
  14 bats
  12 frilled lizards
  5 goblins
  4 hobgoblin zombies (Ossuary)
  A jackal skeleton (D:4)
  5 kobold zombies (Ossuary)
  A leopard gecko skeleton (D:6)
  6 orc zombies (Ossuary)
  15 rats
267 creatures vanquished.

Notes
Turn   | Place    | Note
-------+----------+-------------------------------------------
     0 | D:1      | Curus the Gargoyle Gladiator began the quest for the Orb.
     0 | D:1      | Reached XP level 1. HP: 12/12 MP: 1/1
    39 | D:1      | Reached XP level 2. HP: 17/17 MP: 2/2
   167 | D:1      | Reached skill level 4 in Staves
   210 | D:1      | Reached XP level 3. HP: 16/21 MP: 3/3
   864 | D:2      | Reached XP level 4. HP: 26/26 MP: 4/4
   924 | D:2      | Found a white marble altar of Elyvilon.
  1026 | D:2      | Reached skill level 5 in Staves
  1503 | D:2      | Found a snail-covered altar of Cheibriados.
  1873 | D:3      | Found a faded altar of an unknown god.
  1883 | D:3      | Reached XP level 5. HP: 29/30 MP: 5/5
  2088 | D:3      | Gained mutation: You are clumsy. (Dex -2) [potion of
                  | mutation]
  2088 | D:3      | Gained mutation: Your spells are a little easier to cast,
                  | but a little less powerful. [potion of mutation]
  2088 | D:3      | Gained mutation: You are partially covered in yellow
                  | scales. (AC +2) [potion of mutation]
  2138 | D:3      | Reached skill level 6 in Staves
  2647 | D:4      | Reached XP level 6. HP: 18/35 MP: 6/6
  2652 | D:4      | Reached skill level 7 in Staves
  2680 | D:4      | Found a bloodstained altar of Trog.
  2959 | D:4      | Became a worshipper of Trog the Wrathful
  3286 | D:4      | Found a shattered altar of Ashenzari.
  3288 | D:4      | Found a basalt altar of Yredelemnul.
  3290 | D:4      | Found a shimmering altar of Xom.
  3308 | D:4      | Found a sacrificial altar of Ru.
  3315 | D:4      | Noticed Blork the orc
  3323 | D:4      | Killed Blork the orc
  3350 | D:4      | Reached XP level 7. HP: 26/40 MP: 7/7
  3581 | D:4      | Noticed a +0 hand axe
  3581 | D:4      | Noticed a +0 hand axe
  3583 | D:4      | Found a hide-covered altar of Uskayaw.
  3678 | D:4      | Reached skill level 8 in Staves
  3799 | D:5      | Entered Level 5 of the Dungeon
  4015 | D:5      | Found a sand-covered staircase.
  4024 | Ossuary  | Entered an ossuary
  4063 | Ossuary  | Reached * piety under Trog
  4228 | D:5      | Found a staircase to the Ecumenical Temple.
  4568 | D:5      | Found a radiant altar of Vehumet.
  4615 | D:5      | Reached skill level 9 in Staves
  4672 | D:5      | Reached XP level 8. HP: 21/44 MP: 8/8
  4976 | D:6      | Reached ** piety under Trog
  5034 | D:6      | Reached skill level 10 in Staves
  5058 | D:6      | Found a glowing drain.
  5076 | Sewer    | Entered a sewer
  5338 | Sewer    | Reached *** piety under Trog
  5394 | Sewer    | Reached skill level 11 in Staves
  5698 | D:6      | Reached XP level 9. HP: 44/48 MP: 9/9
  5908 | D:6      | Found an ancient bone altar of Kikubaaqudgha.
  5971 | D:6      | Found a sparkling altar of Nemelex Xobeh.
  6384 | D:6      | Lost mutation: Your spells are a little easier to cast, but
                  | a little less powerful. [potion of mutation]
  6384 | D:6      | Lost mutation: You are partially covered in yellow scales.
                  | (AC +2) [potion of mutation]
  6384 | D:6      | Lost mutation: You are clumsy. (Dex -2) [potion of
                  | mutation]
  6384 | D:6      | Gained mutation: Scrolls take you a little longer to read.
                  | [potion of mutation]
  6384 | D:6      | Gained mutation: You are partially covered in thin metallic
                  | scales. (AC +2) [potion of mutation]
  6384 | D:6      | Gained mutation: You are frail. (-10% HP) [potion of
                  | mutation]
  6384 | D:6      | Gained mutation: You are somewhat resistant to further
                  | mutation. [potion of mutation]
  6403 | D:7      | Reached skill level 12 in Staves
  6538 | D:7      | Reached **** piety under Trog
  6659 | D:7      | Reached skill level 13 in Staves
  6743 | D:7      | Found a white marble altar of Elyvilon.
  7072 | D:7      | Killed from afar by an orc priest

Levels and vault maps discovered:
D:1:      dpeg_arrival_windows_large_door, layout_basic, minmay_octomino_e4
D:2:      layout_loops_corners, cheibriados_altar_1, overflow_temple_1_default,
          serial_forest, infiniplex_forest_clump_small,
          infiniplex_forest_side_room, infiniplex_forest_clump_tiny,
          infiniplex_forest_lined_1, infiniplex_forest_lined_3_way,
          infiniplex_forest_clump_double, infiniplex_forest_clump_small,
          first_ration
D:3:      layout_rooms, chequers_ecumenical_altar_simple_redux
D:4:      layout_loops_corners, dancing_weapons_uskayaw,
          nicolae_ru_sacrificial_ziggurat, old_standard_altar,
          grunt_temple_overflow_open, chequers_jeans, minmay_pentangle,
          uniq_blork_the_orc
D:5:      layout_basic, kennysheep_little_box, temple_statues,
          gup_ossuary_entry_pyramid
D:6:      layout_layer_cave, kiku_gazebo_pond_becter,
          nemelex_xobeh_ov_fountains_minmay, cheibrodos_sewer_entry_bend
D:7:      layout_loops_ring, grunt_livestock, elyvilon_altar_3

Skill      XL: |  1  2  3  4  5  6  7  8  9 |
---------------+----------------------------+-----
Staves         | 4 5 6 7 9 11 13 | 13.3
Fighting       | |  2.1
Throwing       | |  1.7
Dodging        | |  2.4

Action                   |  1- 3 |  4- 6 |  7- 9 || total
-------------------------+-------+-------+-------++-------
Melee: Quarterstaff      |   126 |   206 |   579 ||   911
Invok: Berserk           |       |       |     2 ||     2
  Use: Potion            |     2 |     3 |     4 ||     9
       Scroll            |     4 |     7 |     5 ||    16
  Eat: Chunk             |       |     8 |    14 ||    22
Armor: Leather armour    |    35 |       |       ||    35
       Scale mail        |    44 |     9 |       ||    53
       Plate armour      |       |   144 |   423 ||   567
Dodge: Dodged            |    84 |    48 |   143 ||   275
